 Dungeon Crawl Stone Soup version 0.30.1-11-g7821555f0a (webtiles) character file.

Game seed: 13343783965012790340

2397 Symbaroum the Grappler (level 9, -2/87 HPs)
             Began as a Troll Berserker on Jan 3, 2024.
             Was an Elder of Trog.
             Killed from afar by Dowan (12 damage)
             ... with a puff of flame
             ... on level 7 of the Dungeon.
             The game lasted 00:24:33 (4041 turns).

Symbaroum the Grappler (Troll Berserker)            Turns: 4041, Time: 00:24:34

Health: -2/87      AC:  5    Str: 31    XL:     9   Next: 22%
Magic:  8/8        EV: 10    Int:  3    God:    Trog [****..]
Gold:   372        SH:  0    Dex:  9    Spells: 8/8 levels left

rFire   x .          .
                       - Unarmed
rCold   + . .        (no shield)
rNeg    . . .        a - +0 animal skin
rPois   .            (helmet restricted)
rElec   .            t - +0 cloak
rCorr   .            (gloves unavailable)
SInv    .            (boots unavailable)
Will    ++...        (no amulet)
Stlth   +            r - ring of flight
HPRegen 2.14/turn    y - ring of ice
MPRegen 0.11/turn

%: no passive effects
@: strong-willed, flying, regenerating
A: large, unfitting armour, claws 3, regeneration 1, shaggy fur 1, tough skin 1
a: Renounce Religion, Berserk, Trog's Hand, Brothers in Arms


You were on level 7 of the Dungeon.
You worshipped Trog.
Trog was greatly pleased with you.
You visited 1 branch of the dungeon, and saw 7 of its levels.

You collected 372 gold pieces.

Inventory:

Hand Weapons
 c - a +0 dagger
 f - a +1 vampiric dagger
Missiles
 h - 26 poisoned darts (quivered)
 k - 6 javelins
 u - 4 boomerangs
Armour
 a - a +0 animal skin (worn)
 t - a +0 cloak (worn)
Magical Staves
 b - a staff of death
Jewellery
 r - a ring of flight (left claw)
 y - a ring of ice (right claw)
 C - an amulet of guardian spirit
Wands
 m - a wand of flame (55)
 F - a wand of light (14)
Scrolls
 d - 2 scrolls of teleportation
 e - 6 scrolls of identify
 g - 3 scrolls of enchant weapon
 i - 2 scrolls of poison
 l - a scroll of noise {unknown}
 p - a scroll of brand weapon {unknown}
 w - a scroll of enchant armour {unknown}
 z - a scroll of vulnerability {unknown}
 B - a scroll of blinking {unknown}
 E - 4 scrolls of fear {unknown}
 H - a scroll of magic mapping {unknown}
Potions
 j - 5 potions of heal wounds {unknown}
 n - 2 potions of flight {unknown}
 o - 2 potions of might {unknown}
 q - a potion of lignification {unknown}
 s - a potion of resistance {unknown}
 v - 2 potions of invisibility {unknown}
 x - a potion of brilliance {unknown}
 A - 2 potions of mutation {unknown}
 D - 2 potions of curing {unknown}
 G - a potion of haste {unknown}


   Skills:
 * Level 4.8 Fighting
 * Level 4.1 Throwing
 + Level 4.4 Dodging
 + Level 9.6 Unarmed Combat
 - Level 1.0 Evocations


You had 8 spell levels left.
You didn't know any spells.
Your spell library was empty.

Dungeon Overview and Level Annotations

Branches:
Dungeon (7/15)             Temple (0/1) D:5

Altars:

Shops:
D:3 [

Annotations:
D:7 Dowan, Duvessa


Innate Abilities, Weirdness & Mutations

You are too large for most types of armour.
You have claws for hands.
Your natural rate of healing is unusually fast.
You are covered in fur. (AC +1)
You have tough skin. (AC +1)


Message History

Duvessa misses you.
Maggie smiles, but it's obviously fake.
Maggie casts a spell.
Maggie draws you further into her thrall.
You completely miss Maggie.
Maggie is moderately wounded.
Duvessa hits you with a +0 rapier. Maggie hits you with a +0 glaive.
You scratch Maggie but do no damage.
Maggie is moderately wounded.
Maggie hits you with a +0 glaive!
Dowan says, "Magic and the sword, together, will defeat you."
You scratch Maggie but do no damage.
Maggie is moderately wounded.
Duvessa hits you with a +0 rapier!
* * * LOW HITPOINT WARNING * * *
Maggie hits you with a +0 glaive.
* * * LOW HITPOINT WARNING * * *
Dowan misses you.
You mangle Maggie!!
Maggie is severely wounded.
You mangle Maggie!!
You break out of your daze!
You kill Maggie!
Trog accepts your kill.
Trog appreciates your killing of a magic user.
Dowan hits you with a +0 dagger.
* * * LOW HITPOINT WARNING * * *
Duvessa completely misses you.
Your Throwing skill increases to level 4!
You barely miss Dowan.
Dowan zaps a wand.
The puff of flame hits you but does no damage.
Duvessa hits you with a +0 rapier!
* * * LOW HITPOINT WARNING * * *
You scratch Dowan but do no damage. Dowan hits you with a +0 dagger.
* * * LOW HITPOINT WARNING * * *
Duvessa hits you with a +0 rapier.
* * * LOW HITPOINT WARNING * * *
You completely miss Dowan.
Dowan zaps a wand.
The puff of flame hits you! The fire burns you terribly!
You die...

.......# .#######
###..........
........
...........
.####### .........
'### #....).. ...#
#...... ...#
#####.... ...###
#.....e)#
...'.#####.....e@#
...#.....#.......#
.†.#####.#####+#.#
...# #..####.#.#
.### ##...##.#)#
...# ###.##.#)#
...# ######'##.#.#
...#
#.........#.####
...#
#.......>......#


You could see Duvessa and Dowan.

Vanquished Creatures
  Maggie (D:7)
  A wyvern (D:6)
  Eustachio (D:6)
  An orc warrior (D:6)
  A black bear (D:4)
  A sky beast (D:7)
  2 centaurs
  2 phantoms
  A kobold brigand (D:6)
  A bullfrog (D:7)
  5 scorpions
  2 hounds
  4 jellies
  3 orc priests
  Terence (D:3)
  Jessica (D:2)
  3 iguanas
  6 orc wizards
  Natasha (thrice) (D:3)
  11 adders
  A shadow imp (D:5)
  A white imp (D:7)
  2 worms (D:3)
  3 dart slugs
  16 orcs
  9 endoplasms
  4 giant cockroaches
  14 hobgoblins
  2 quokkas
  6 ball pythons
  2 bats (D:1)
  5 frilled lizards
  7 goblins
  17 kobolds
  3 rats
143 creatures vanquished.

Notes
Turn   | Place    | Note
-------+----------+-------------------------------------------
     0 | D:1      | Symbaroum the Troll Berserker began the quest for the Orb.
     0 | D:1      | Reached XP level 1. HP: 22/22 MP: 0/0
   178 | D:1      | Reached XP level 2. HP: 29/29 MP: 1/1
   301 | D:1      | Found a faded altar of an unknown god.
   347 | D:1      | Reached ** piety under Trog
   475 | D:1      | Reached XP level 3. HP: 34/36 MP: 2/2
   692 | D:2      | Noticed Jessica
   696 | D:2      | Killed Jessica
   697 | D:2      | Reached skill level 4 in Unarmed Combat
   697 | D:2      | Reached XP level 4. HP: 37/44 MP: 3/3
   832 | D:2      | You are sucked into a shaft and drop 1 floor!
   836 | D:3      | Noticed Natasha
   844 | D:3      | Killed Natasha
   866 | D:3      | Noticed Terence
   886 | D:3      | Killed Terence
   887 | D:3      | Reached XP level 5. HP: 42/53 MP: 4/4
   911 | D:3      | Noticed Natasha
   915 | D:3      | Killed Natasha
   973 | D:3      | Reached skill level 1 in Throwing
   980 | D:3      | Reached *** piety under Trog
   990 | D:3      | Noticed Natasha
   997 | D:3      | Killed Natasha
  1103 | D:3      | Reached skill level 5 in Unarmed Combat
  1140 | D:3      | Found Uqusiamn's Antique Armour Shoppe.
  1670 | D:4      | Reached XP level 6. HP: 61/61 MP: 5/5
  2194 | D:4      | Reached **** piety under Trog
  2209 | D:4      | Reached skill level 6 in Unarmed Combat
  2209 | D:4      | Reached XP level 7. HP: 39/68 MP: 6/6
  2469 | D:5      | Entered Level 5 of the Dungeon
  2769 | D:5      | Found a staircase to the Ecumenical Temple.
  2825 | D:5      | Reached skill level 7 in Unarmed Combat
  3082 | D:6      | Reached XP level 8. HP: 70/78 MP: 7/7
  3176 | D:6      | Noticed Eustachio
  3185 | D:6      | Killed Eustachio
  3223 | D:6      | Reached skill level 8 in Unarmed Combat
  3881 | D:7      | Reached skill level 9 in Unarmed Combat
  3886 | D:7      | Reached XP level 9. HP: 64/85 MP: 8/8
  3964 | D:7      | Reached skill level 1 in Evocations
  4021 | D:7      | Noticed Maggie
  4025 | D:7      | Noticed Duvessa
  4025 | D:7      | Noticed Dowan
  4038 | D:7      | Killed Maggie
  4041 | D:7      | Killed from afar by Dowan

Illustrated notes

Levels and vault maps discovered:
D:1:      saegor_arrival_simple_c, layout_rooms, ebering_ecumenical_altar_mist,
          minmay_splitting_lines, minmay_cupped
D:2:      layout_basic, minmay_misc_feat_enclosed, uniq_jessica
D:3:      layout_basic, serial_shops, nicolae_shop_behind_doors, uniq_natasha,
          uniq_terence
D:4:      layout_basic, minmay_misc_feat_tower
D:5:      layout_basic, minmay_temple_entry_arrows
D:6:      layout_loops_ring, dk_noncrumbling_3, uniq_eustachio
D:7:      layout_basic, general_overflow_altar, uniq_maggie,
          uniq_crazy_yiuf_cottage, uniq_duvessa

Skill      XL: |  1  2  3  4  5  6  7  8  9 |
---------------+----------------------------+-----
Dodging        | 3 4 |  4.4
Unarmed Combat | 4 5 6 7 9 |  9.6
Fighting       | 3 4 |  4.8
Throwing       | 1 2 3 4 |  4.1
Evocations     | 1 |  1.0

Action                     |  1- 3 |  4- 6 |  7- 9 || total
---------------------------+-------+-------+-------++-------
  Melee: Unarmed           |    84 |   162 |   154 ||   400
         Punch             |       |     2 |     4 ||     6
 Invoke: Trog's Hand       |       |       |     2 ||     2
         Berserk           |       |       |     1 ||     1
  Evoke: Wand              |       |       |     2 ||     2
    Use: Scroll            |       |     3 |       ||     3
 Armour: Animal skin       |    23 |    41 |    34 ||    98
  Dodge: Dodged            |    20 |    78 |    56 ||   154
